 Dungeon Crawl Stone Soup version 0.27-b1-42-g19c61b19a5 (webtiles) character file.

Game seed: 14170809229230692323

53 mhtbhm the Covered (level 3, 33/33 HPs)
             Began as a Minotaur Fighter on July 30, 2021.
             Was a Believer of Lugonu.
             Quit the game on level 2 of the Dungeon.
             The game lasted 00:01:16 (1146 turns).

mhtbhm the Covered (Minotaur Fighter)               Turns: 1146, Time: 00:01:17

Health: 33/33      AC:  7    Str: 21    XL:     3   Next: 62%
Magic:  2/2        EV:  7    Int:  5    God:    Lugonu [**....]
Gold:   66         SH:  9    Dex:  9    Spells: 2/2 levels left

rFire    . . .     SeeInvis .   a - +1 war axe
rCold    . . .     Faith    .   c - +0 kite shield
rNeg     . . .     Spirit   .   b - +0 scale mail
rPois    .         Reflect  .   (helmet restricted)
rElec    .         Harm     .   (no cloak)
rCorr    .         Rampage  .   (no gloves)
Will     .....                  (no boots)
Stlth    ..........             e - amulet of magic regeneration
HPRegen  0.11/turn              (no ring)
MPRegen  0.33/turn              (no ring)

@: no status effects
A: horns 2, retaliatory headbutt
a: Renounce Religion, Depart the Abyss, Bend Space


You were on level 2 of the Dungeon.
You worshipped Lugonu.
Lugonu was pleased with you.
You visited 1 branch of the dungeon, and saw 2 of its levels.

You collected 66 gold pieces.

Inventory:

Hand Weapons
 a - a +1 war axe (weapon)
Missiles
 h - 4 curare-tipped darts (quivered)
Armour
 b - a +0 scale mail (worn)
 c - a +0 kite shield (worn)
Jewellery
 e - an amulet of magic regeneration (around neck)
Potions
 d - a potion of might
 f - a potion of degeneration {unknown}
 g - a potion of ambrosia {unknown}
 i - 2 potions of curing {unknown}


   Skills:
 + Level 4.1 Fighting
 + Level 3.2 Axes
 + Level 4.2 Armour
 + Level 0.4 Dodging
 + Level 4.0 Shields


You had 2 spell levels left.
You didn't know any spells.
Your spell library contained the following spells:

 Spells                   Type           Power      Damage    Failure   Level
 Stone Arrow              Conj/Erth      0%         3d7       100%        3
 Bolt of Magma            Conj/Fire/Erth 0%         4d4       100%        5
 Shatter                  Erth           0%         3d5*      100%        9


Dungeon Overview and Level Annotations

Branches:
Dungeon (2/15)

Altars:
Lugonu


Innate Abilities, Weirdness & Mutations

You have a pair of horns on your head.
You reflexively headbutt those who attack you in melee.


Message History

You now have 54 gold pieces (gained 19).
Found 20 sling bullets.
Found a stone staircase leading down.
e - an amulet of magic regeneration No target in view!
You start putting on your amulet.
You continue putting on your amulet of magic regeneration. x5
You finish putting on your amulet of magic regeneration.
e - an amulet of magic regeneration (around neck)
You now have 66 gold pieces (gained 12).
You open the door.
There is an open door here.
g - a fizzy golden potion You open the huge gate.
Found a faded altar of an unknown god.
There is a huge open gate here.
There is a huge open gate here.
There is a huge open gate here.
A ball python comes into view.
A ball python is nearby!
You block the ball python's attack. The ball python grabs you.
The ball python constricts you.
You hit the ball python.
You kill the ball python!
No target in view!
No target in view!
No target in view!
No target in view!
No target in view!
There is a huge open gate here.
There is a huge open gate here.
There is a huge open gate here.
There is a faded altar of an unknown god here.
You cannot tell which god this altar belongs to.
Convert to them anyway?
Lugonu accepts your prayer! Lugonu welcomes you!
You can now depart the Abyss.
You can now bend space around yourself.
Unknown command.
Press < or > to pray at altars.
Are you sure you want to abandon this character and quit the game? (Confirm with "yes".)

##### #####...# ......>.#
##.#....######
......(.'....#################
##.##...####.................#
#...# #.'''''.#########.#
#...# #.'''''.# #.. #.#
##+##...## #.''@''.# #.# #.#
#........# #.'''''.####.##.#.#
#........# #.'''''........ #.#
#........# #.#....#####.####.#
....###...#
#.................# ####
##..##############.######
#.......... #.# #....##### #†#
#.#.)# #.#


There were no monsters in sight!

Vanquished Creatures
  An adder (D:2)
  A dart slug (D:1)
  A bat (D:2)
  4 endoplasms (D:1)
  3 giant cockroaches (D:1)
  4 goblins
  4 hobgoblins (D:1)
  2 jackals (D:1)
  6 ball pythons
  2 frilled lizards (D:1)
  7 kobolds (D:1)
  2 rats (D:1)
37 creatures vanquished.

Notes
Turn   | Place    | Note
-------+----------+-------------------------------------------
     0 | D:1      | mhtbhm the Minotaur Fighter began the quest for the Orb.
     0 | D:1      | Reached XP level 1. HP: 19/19 MP: 0/0
   529 | D:1      | Reached XP level 2. HP: 27/27 MP: 1/1
   804 | D:1      | Reached XP level 3. HP: 33/33 MP: 2/2
  1100 | D:2      | Found a faded altar of an unknown god.
  1145 | D:2      | Became a worshipper of Lugonu the Unformed
  1145 | D:2      | Reached * piety under Lugonu
  1145 | D:2      | Reached ** piety under Lugonu
  1146 | D:2      | Quit the game

Illustrated notes

Levels and vault maps discovered:
D:1:      shiori_arrival_elements, layout_basic, grunt_decor_mini_mirrors
D:2:      layout_basic, hellmonk_ecumenical_altar_heavens_door

Skill      XL: |  1  2  3 |
---------------+----------+-----
Armour         | 4 |  4.2
Fighting       | 4 |  4.1
Shields        | 4 |  4.0
Axes           | 3 |  3.2
Dodging        | |  0.4

Action                   || total
-------------------------++-------
Melee: War axe           ||    68
       Headbutt          ||    11
  Use: Scroll            ||     2
Armor: Scale mail        ||    30
Dodge: Dodged            ||    21
Block: Kite shield       ||    31
